 Dungeon Crawl Stone Soup version 0.31.0-10-gcf4a605ca0 (webtiles) character file.

Game seed: 8970547972675356554

124 PriceMaster the Sneak (level 4, 0/21 HPs)
             Began as a Spriggan Conjurer on Jan 26, 2024.
             Slain by a gnoll
             ... wielding a +0 spear
              (10 damage)
             ... on level 3 of the Dungeon.
             The game lasted 00:07:16 (1915 turns).

PriceMaster the Sneak (Spriggan Conjurer)           Turns: 1915, Time: 00:07:17

Health: 0/21       AC:  2    Str:  3    XL:     4   Next: 81%
Magic:  4/10       EV:  6    Int: 19    God:
Gold:   80         SH:  0    Dex: 15    Spells: 5/10 levels left

rFire   . . .        n - +2 dagger (protect)
rCold   . . .        (no shield)
rNeg    . . .        a - +0 robe
rPois   +            (helmet restricted)
rElec   .            (no cloak)
rCorr   +            (gloves unavailable)
SInv    +            (boots unavailable)
Will    .....        (no amulet)
Stlth   +++          l - ring of poison resistance
HPRegen 0.23/turn    b - ring of resist corrosion
MPRegen 0.12/turn

%: no passive effects
@: brilliant, on blink cooldown, held, constricted, very quick
A: very small, no large weapons, unfitting armour, see invisible, speed 3
a: no special abilities


You were on level 3 of the Dungeon.
You visited 1 branch of the dungeon, and saw 3 of its levels.

You collected 80 gold pieces.

Inventory:

Hand Weapons
 e - a +0 dagger
 n - a +2 dagger of protection (weapon)
Armour
 a - a +0 robe (worn)
Jewellery
 b - a ring of resist corrosion (right hand)
 l - a ring of poison resistance (left hand)
Scrolls
 f - 2 scrolls of noise {unknown}
 g - a scroll of enchant armour {unknown}
 h - 2 scrolls of teleportation {unknown}
 i - a scroll of vulnerability {unknown}
 k - a scroll of blinking {unknown}
 m - 3 scrolls of identify {unknown}
Potions
 j - a potion of attraction {unknown}
 o - a potion of brilliance


   Skills:
 + Level 0.6 Fighting
 + Level 1.4 Short Blades
 + Level 3.4 Dodging
 + Level 3.8 Stealth
 * Level 3.6 Spellcasting
 + Level 3.6 Conjurations
 + Level 0.2 Translocations


You had 5 spell levels left.
You knew the following spells:

 Your Spells              Type           Power      Damage    Failure   Level
a - Magic Dart            Conj           100%       1d8       3%          1
b - Searing Ray           Conj           52%        2d6       4%          2
c - Blink                 Tloc           12%        N/A       19%         2

Your spell library contained the following spells:

 Spells                   Type           Power      Damage    Failure   Level
 Summon Small Mammal      Summ           20%        N/A       14%         1
 Call Imp                 Summ           10%        N/A       22%         2
 Call Canine Familiar     Summ           5%         N/A       41%         3
 Iskenderun's Mystic Bla  Conj/Tloc      16%        2d5       54%         4
 Fulminant Prism          Conj/Alch      7%         3d7       56%         4
 Summon Blazeheart Golem  Fire/Summ      5%         N/A       82%         4


Dungeon Overview and Level Annotations

Branches:
Dungeon (3/15)

Altars:

Shops:
D:2 ?


Innate Abilities, Weirdness & Mutations

You are very small and have problems with some larger weapons.
You are too small for most types of armour.
You have supernaturally acute eyesight. (SInv)
You cover ground extremely quickly. (Speed+++)


Message History

The gnoll closely misses you.
The searing ray hits the gnoll!
You kill the gnoll!
The ball python barely misses you. The ball python closely misses you.
A gnoll comes into view. It is wielding a +0 spear.
Casting: Searing Ray (safe; 4% risk of failure)
Confirm with . or Enter, or press ? or * to list all spells.
You blink.
The gnoll completely misses you.
The gnoll throws a throwing net.
The throwing net hits you.
You become entangled in the net!
As you read the scroll labelled KENIOG ATIO, it crumbles to dust.
It is a scroll of amnesia.
Okay, then.
The gnoll hits you from afar with a +0 spear!
Okay, then.
It was a potion of brilliance.
You feel clever all of a sudden. The ribbon worm bites you.
The gnoll hits you from afar with a +0 spear.
* * * LOW HITPOINT WARNING * * *
The gnoll hits you with a +0 whip.
* * * LOW HITPOINT WARNING * * *
You feel much better. The ribbon worm bites you! The ball python bites you.
The ball python grabs you. The ball python constricts you.
The gnoll closely misses you. x2
Casting: Blink (safe; 19% risk of failure)
Confirm with . or Enter, or press ? or * to list all spells.
Aiming: Searing Ray (safe; 4% risk of failure)
Press: ? - help, Shift-Dir - straight line, f - ribbon worm
Aim: a ribbon worm (93% to hit)
Okay, then.
Casting: Searing Ray (safe; 4% risk of failure)
Confirm with . or Enter, or press ? or * to list all spells.
Aiming: Searing Ray (safe; 4% risk of failure)
Press: ? - help, Shift-Dir - straight line, f - gnoll
Aim: a gnoll, wielding a +0 whip (82% to hit)
Okay, then.
You struggle against the net.
The ribbon worm barely misses you. The ball python barely misses you.
The ball python constricts you.
The gnoll hits you from afar with a +0 spear!
You die...

..............
............. .
............#.#
..............
............#
.........>(.#.#
.....$.........
.###+##+###<.#
......w@g)...#
.###....S......
......#g###......
......#.#
#..#.<... .....
#.# ......#<.
..... #.# #### .#
# .... #.# ..
.... +..


You could see a ribbon worm, 2 gnolls and a ball python.

Vanquished Creatures
  Jessica (D:2)
  3 gnolls
  An adder (D:2)
  2 ribbon worms (D:2)
  4 ball pythons
  3 endoplasms
  3 giant cockroaches
  2 goblins
  4 hobgoblins
  3 jackals (D:1)
  7 kobolds
  4 quokkas
  7 bats
  7 frilled lizards
  4 rats
55 creatures vanquished.

Notes
Turn   | Place    | Note
-------+----------+-------------------------------------------
     0 | D:1      | PriceMaster the Spriggan Conjurer began the quest for the
                  | Orb.
     0 | D:1      | Reached XP level 1. HP: 9/9 MP: 5/5
   250 | D:1      | Reached XP level 2. HP: 13/13 MP: 6/6
   261 | D:1      | Learned a level 2 spell: Searing Ray
   907 | D:1      | Reached XP level 3. HP: 16/16 MP: 6/8
  1279 | D:2      | Noticed Jessica
  1282 | D:2      | Killed Jessica
  1288 | D:2      | Reached skill level 1 in Short Blades
  1288 | D:2      | Reached XP level 4. HP: 21/21 MP: 2/10
  1437 | D:2      | Found Ilarimm's Magic Scroll Boutique.
  1497 | D:2      | Learned a level 2 spell: Blink
  1913 | D:3      | HP: 1/21 [gnoll/+0 whip (5)]
  1915 | D:3      | Slain by a gnoll

Illustrated notes

Levels and vault maps discovered:
D:1:      shiori_arrival_maze, layout_loops_ring, minmay_strange_pillars
D:2:      layout_basic, serial_shops, nicolae_shop_stone, minmay_vboxes,
          uniq_jessica
D:3:      layout_basic, nicolae_tso_swordbearing_angel,
          gammafunk_ghost_mausoleum, chequers_serial_rivers_small_a

Skill      XL: |  1  2  3 |
---------------+----------+-----
Conjurations   | 3 |  3.6
Spellcasting   | 3 |  3.6
Dodging        | 3 |  3.4
Short Blades   | 1 |  1.4
Fighting       | |  0.6
Stealth        | |  3.8
Translocations | |  0.2

Action                     |  1- 3 |  4- 6 || total
---------------------------+-------+-------++-------
  Melee: Dagger            |    45 |    17 ||    62
         Punch             |     1 |       ||     1
   Cast: Magic Dart        |    21 |       ||    21
         Searing Ray       |    13 |     8 ||    21
         Blink             |       |     2 ||     2
    Use: Potion            |       |     4 ||     4
         Scroll            |       |     1 ||     1
   Stab: Sleeping          |     1 |     1 ||     2
 Armour: Robe              |    23 |    14 ||    37
  Dodge: Dodged            |    51 |    31 ||    82
